[Event "GER-ch Youth U14 2019"]
[Site "Willingen"]
[Date "2019.06.10"]
[Round "3.2"]
[White "Musiolik, David"]
[Black "Pubantz, Jan"]
[Result "0-1"]
[ECO "B10"]
[WhiteElo "2132"]
[BlackElo "2192"]
[Annotator "NA"]
[PlyCount "33"]
[EventDate "2019.06.07"]
[EventType "swiss"]
[EventRounds "9"]
[EventCountry "GER"]
[SourceTitle "playchess.com"]
[Source "ChessBase"]
[SourceQuality "1"]
[TimeControl "40/5400+30:1800+30"]

1. e4 c6 2. Nc3 d5 3. Nf3 dxe4 4. Nxe4 Nf6 5. d3 Bf5 6. Ng3 Bg6 7. Nh4 e6 8. Be2 Nbd7 9. Nxg6 hxg6 10. Ne4 Qc7 11. Nxf6+ gxf6 12. h3 O-O-O 13. Be3 Nb6 14. c3 Nd5 15. Qd2 f5 16. g3 Kb8 17. Kd1 {[%emt 0:07:59] normal} 0-1

[Event "GER-ch Youth U14 2019"]
[Site "Willingen"]
[Date "2019.06.10"]
[Round "3.3"]
[White "Colbow, Collin"]
[Black "Simukov, Erik"]
[Result "1-0"]
[ECO "C84"]
[WhiteElo "2169"]
[BlackElo "1904"]
[Annotator "ChessBase"]
[PlyCount "49"]
[EventDate "2019.06.07"]
[EventType "swiss"]
[EventRounds "9"]
[EventCountry "GER"]
[SourceTitle "playchess.com"]
[Source "ChessBase"]
[SourceQuality "1"]
[TimeControl "40/5400+30:1800+30"]

1. e4 e5 2. Nf3 Nc6 3. Bb5 a6 4. Ba4 Nf6 5. O-O Be7 6. d3 d6 7. c3 O-O 8. Re1 b5 9. Bc2 Re8 10. Nbd2 Bf8 11. Nf1 g6 12. Ng3 Bg7 13. h3 d5 14. Bd2 h6 15. Nh2 Be6 16. Qc1 Kh7 17. f4 dxe4 18. dxe4 exf4 19. Bxf4 Nd7 20. Nf5 Bxf5 21. exf5 Nce5 22. Ng4 Nxg4 23. hxg4 Ne5 24. Be4 Rb8 25. Qc2 {[%emt 0:01:19] normal} 1-0

[Event "GER-ch Youth U14 2019"]
[Site "Willingen"]
[Date "2019.06.10"]
[Round "3.4"]
[White "Bethke, Richard"]
[Black "von Krosigk, Florian"]
[Result "1-0"]
[ECO "B90"]
[WhiteElo "2246"]
[BlackElo "1926"]
[Annotator "NA"]
[PlyCount "49"]
[EventDate "2019.06.07"]
[EventType "swiss"]
[EventRounds "9"]
[EventCountry "GER"]
[SourceTitle "playchess.com"]
[Source "ChessBase"]
[SourceQuality "1"]
[TimeControl "40/5400+30:1800+30"]

1. e4 c5 2. Nf3 d6 3. d4 cxd4 4. Nxd4 Nf6 5. Nc3 a6 6. Be3 Ng4 7. Bg5 h6 8. Bh4 g5 9. Bg3 Bg7 10. h3 Ne5 11. f3 Nbc6 12. Bf2 Nxd4 13. Bxd4 Be6 14. h4 Qa5 15. hxg5 hxg5 16. Rxh8+ Bxh8 17. Qd2 Rc8 18. Qf2 Rc6 19. a3 Kf8 20. O-O-O b5 21. Nd5 Bxd5 22. exd5 Rc8 23. Qd2 Qa4 24. Kb1 b4 25. b3 {[%emt 0:20:20] normal} 1-0

[Event "GER-ch Youth U14 2019"]
[Site "Willingen"]
[Date "2019.06.10"]
[Round "3.5"]
[White "Hetzner, Hannes"]
[Black "Deutsch, Christoph"]
[Result "1-0"]
[ECO "C45"]
[WhiteElo "1996"]
[BlackElo "1937"]
[Annotator "NA"]
[PlyCount "60"]
[EventDate "2019.06.07"]
[EventType "swiss"]
[EventRounds "9"]
[EventCountry "GER"]
[SourceTitle "playchess.com"]
[Source "ChessBase"]
[SourceQuality "1"]
[TimeControl "40/5400+30:1800+30"]

1. e4 e5 2. Nf3 Nc6 3. d4 exd4 4. Nxd4 Nf6 5. Nxc6 bxc6 6. e5 Qe7 7. Qe2 Nd5 8. c4 Nb6 9. Nc3 Ba6 10. b3 Qe6 11. Bb2 O-O-O 12. O-O-O d5 13. exd6 cxd6 14. g3 Qxe2 15. Nxe2 Rg8 16. Bg2 Kc7 17. Nd4 Bb7 18. Rd2 g6 19. Rhd1 Bg7 20. Ba3 Bxd4 21. Rxd4 d5 22. Be7 Rde8 23. cxd5 Nxd5 24. Bc5 Re2 25. R1d2 Rxd2 26. Kxd2 a6 27. Kd3 Re8 28. Rh4 h5 29. Re4 Rxe4 30. Kxe4 Bc8 {[%emt 0:01:13] normal} 1-0

[Event "GER-ch Youth U14 2019"]
[Site "Willingen"]
[Date "2019.06.10"]
[Round "3.6"]
[White "Evering, Soeren"]
[Black "Roehr, Oliver"]
[Result "1-0"]
[ECO "C70"]
[WhiteElo "1879"]
[BlackElo "1960"]
[Annotator "NA"]
[PlyCount "46"]
[EventDate "2019.06.07"]
[EventType "swiss"]
[EventRounds "9"]
[EventCountry "GER"]
[SourceTitle "playchess.com"]
[Source "ChessBase"]
[SourceQuality "1"]
[TimeControl "40/5400+30:1800+30"]

1. e4 e5 2. Nf3 Nc6 3. Bb5 a6 4. Ba4 Nge7 5. O-O g6 6. c3 Bg7 7. d4 exd4 8. cxd4 b5 9. Bb3 O-O 10. Nc3 d6 11. h3 Na5 12. Bc2 c5 13. Bf4 Nc4 14. b3 Na5 15. Ne2 Ra7 16. Rc1 c4 17. Qd2 d5 18. e5 Bf5 19. Bh6 Bxc2 20. Bxg7 Kxg7 21. Qxc2 Qd7 22. Nf4 cxb3 23. axb3 Rc8 {[%emt 0:01:17] normal} 1-0

[Event "GER-ch Youth U14 2019"]
[Site "Willingen"]
[Date "2019.06.10"]
[Round "3.7"]
[White "Gallasch, Jonas"]
[Black "Tham, Nam"]
[Result "1-0"]
[ECO "D31"]
[WhiteElo "2137"]
[BlackElo "1993"]
[Annotator "NA"]
[PlyCount "57"]
[EventDate "2019.06.07"]
[EventType "swiss"]
[EventRounds "9"]
[EventCountry "GER"]
[SourceTitle "playchess.com"]
[Source "ChessBase"]
[SourceQuality "1"]
[TimeControl "40/5400+30:1800+30"]

1. d4 d5 2. c4 e6 3. Nc3 c6 4. cxd5 exd5 5. Qc2 Bd6 6. Nf3 Ne7 7. Bg5 f6 8. Bd2 Bf5 9. e4 dxe4 10. Nxe4 O-O 11. Bd3 Bxe4 12. Bxe4 f5 13. Bd3 Qd7 14. O-O Kh8 15. Rfe1 Nd5 16. a3 h6 17. Nh4 Ne7 18. Rxe7 Bxe7 19. Ng6+ Kg8 20. Bxf5 Rxf5 21. Qxf5 Bf6 22. Qf3 Na6 23. Bc3 Nc7 24. Re1 Nd5 25. Ne5 Qc7 26. Qf5 Rd8 27. Qe6+ Kh7 28. Nf7 Rf8 29. Nd6 {[%emt 0:00:38] normal} 1-0

[Event "GER-ch Youth U14 2019"]
[Site "Willingen"]
[Date "2019.06.10"]
[Round "3.8"]
[White "Lutz, Ruben"]
[Black "Matthaei, Jakob"]
[Result "1-0"]
[ECO "D01"]
[WhiteElo "2055"]
[BlackElo "1666"]
[Annotator "NA"]
[PlyCount "46"]
[EventDate "2019.06.07"]
[EventType "swiss"]
[EventRounds "9"]
[EventCountry "GER"]
[SourceTitle "playchess.com"]
[Source "ChessBase"]
[SourceQuality "1"]
[TimeControl "40/5400+30:1800+30"]

1. d4 Nf6 2. Nc3 d5 3. Bg5 Nbd7 4. e3 e6 5. Bd3 c5 6. Nf3 Be7 7. O-O O-O 8. Re1 h6 9. Bh4 b6 10. dxc5 Nxc5 11. Ne2 Bb7 12. Ned4 Nfe4 13. Bxe7 Qxe7 14. Ne5 Qc7 15. f4 a6 16. Qh5 Nf6 17. Qh4 Nfd7 18. Ng4 f5 19. Nf2 Rae8 20. g4 Ne4 21. gxf5 exf5 22. Nxe4 fxe4 23. Be2 Nc5 {[%emt 0:03:40] normal} 1-0

[Event "GER-ch Youth U14 2019"]
[Site "Willingen"]
[Date "2019.06.10"]
[Round "3.9"]
[White "Bress, Aaron"]
[Black "Arakelian, Aik"]
[Result "1/2-1/2"]
[ECO "B72"]
[WhiteElo "1849"]
[BlackElo "1911"]
[Annotator "NA"]
[PlyCount "45"]
[EventDate "2019.06.07"]
[EventType "swiss"]
[EventRounds "9"]
[EventCountry "GER"]
[SourceTitle "playchess.com"]
[Source "ChessBase"]
[SourceQuality "1"]
[TimeControl "40/5400+30:1800+30"]

1. e4 c5 2. Nf3 d6 3. d4 cxd4 4. Nxd4 Nf6 5. Nc3 g6 6. Be3 Bg7 7. Bc4 Nc6 8. f3 O-O 9. Bb3 Bd7 10. Qd2 Rc8 11. O-O-O Na5 12. Kb1 Nc4 13. Bxc4 Rxc4 14. h4 a6 15. h5 b5 16. hxg6 fxg6 17. Nde2 Qc8 18. Bh6 Rf7 19. Bxg7 Rxg7 20. Nf4 Rc5 21. Nd3 Rc7 22. g4 Be6 23. e5 {[%emt 0:07:27] normal} 1/2-1/2

[Event "GER-ch Youth U14 2019"]
[Site "Willingen"]
[Date "2019.06.10"]
[Round "3.10"]
[White "Bui, Bao Anh Le"]
[Black "Schulemann, Gero"]
[Result "1-0"]
[ECO "B40"]
[WhiteElo "2065"]
[BlackElo "1862"]
[Annotator "NA"]
[PlyCount "37"]
[EventDate "2019.06.07"]
[EventType "swiss"]
[EventRounds "9"]
[EventCountry "GER"]
[SourceTitle "playchess.com"]
[Source "ChessBase"]
[SourceQuality "1"]
[TimeControl "40/5400+30:1800+30"]

1. e4 c5 2. Nf3 e6 3. b3 a6 4. Bb2 d6 5. d4 cxd4 6. Nxd4 Nf6 7. Nc3 Qc7 8. Qe2 Be7 9. O-O-O Nbd7 10. g4 Ne5 11. g5 Nfd7 12. f4 Ng6 13. Qd2 h6 14. gxh6 Rxh6 15. Rg1 Bf6 16. f5 Ngf8 17. fxe6 fxe6 {[%emt 0:01:32] normal} 18. Nf5 d5 19. Nxh6 {[%emt 0:03:19] normal} 1-0

[Event "GER-ch Youth U14 2019"]
[Site "Willingen"]
[Date "2019.06.10"]
[Round "3.11"]
[White "Gutewort, Paul Emil"]
[Black "Eilenberg, Jonas"]
[Result "0-1"]
[ECO "D00"]
[WhiteElo "1708"]
[BlackElo "1934"]
[Annotator "NA"]
[PlyCount "84"]
[EventDate "2019.06.07"]
[EventType "swiss"]
[EventRounds "9"]
[EventCountry "GER"]
[SourceTitle "playchess.com"]
[Source "ChessBase"]
[SourceQuality "1"]
[TimeControl "40/5400+30:1800+30"]

1. d4 d5 2. Bf4 e6 3. e3 Nf6 4. Nd2 Bd6 5. Bg3 O-O 6. c3 c5 7. Bd3 Nc6 8. Ngf3 b6 9. Qe2 Re8 10. Bxd6 Qxd6 11. O-O e5 12. dxe5 Nxe5 13. Nxe5 Qxe5 14. Nf3 Qc7 15. h3 Bb7 16. Qc2 Rad8 17. Rfe1 Ne4 18. Rad1 h6 19. Nd2 Nf6 20. Nf3 a6 21. a3 Qe7 22. Be2 Ne4 23. Bd3 Qf6 24. Bxe4 dxe4 25. Nh2 Qg6 26. Nf1 Rd3 27. Ng3 Red8 28. Qe2 c4 29. Qf1 Bc8 30. Kh1 b5 31. Ne2 Qh5 32. Rb1 g5 33. Kg1 Kh8 34. Ng3 Qh4 35. Ne2 Rg8 36. g3 Qxh3 37. Qxh3 Bxh3 38. Nd4 Bd7 39. Kg2 Kg7 40. Rg1 Kf6 41. Rh1 Rg6 42. Rhe1 Kg7 {[%emt 0:00:35] normal} 0-1

[Event "GER-ch Youth U14 2019"]
[Site "Willingen"]
[Date "2019.06.10"]
[Round "3.12"]
[White "Laux, Dominik"]
[Black "Bornholdt, Joa Max"]
[Result "1-0"]
[ECO "A40"]
[WhiteElo "2061"]
[BlackElo "1754"]
[Annotator "NA"]
[PlyCount "42"]
[EventDate "2019.06.07"]
[EventType "swiss"]
[EventRounds "9"]
[EventCountry "GER"]
[SourceTitle "playchess.com"]
[Source "ChessBase"]
[SourceQuality "1"]
[TimeControl "40/5400+30:1800+30"]

1. d4 g6 2. Bf4 Nf6 3. Nc3 Bg7 4. e4 d6 5. Qd2 Nbd7 6. Nf3 c5 7. d5 O-O 8. Bh6 Ng4 9. Bxg7 Kxg7 10. O-O-O a6 11. h3 Nge5 12. Nxe5 Nxe5 13. f4 Nd7 14. g4 Nf6 15. Be2 b5 16. g5 Ng8 17. Rdg1 e6 18. h4 b4 19. Nd1 exd5 20. exd5 Ne7 21. h5 Bf5 {[%emt 0:03:17] normal} 1-0

[Event "GER-ch Youth U14 2019"]
[Site "Willingen"]
[Date "2019.06.10"]
[Round "3.13"]
[White "Haack, Kevin"]
[Black "Roste, Hugo"]
[Result "0-1"]
[ECO "A29"]
[WhiteElo "2033"]
[BlackElo "1287"]
[Annotator "NA"]
[PlyCount "63"]
[EventDate "2019.06.07"]
[EventType "swiss"]
[EventRounds "9"]
[EventCountry "GER"]
[SourceTitle "playchess.com"]
[Source "ChessBase"]
[SourceQuality "1"]
[TimeControl "40/5400+30:1800+30"]

1. c4 e5 2. Nc3 Nf6 3. Nf3 Nc6 4. g3 Nd4 5. Bg2 Nxf3+ 6. Bxf3 Bb4 7. d4 e4 8. Bg2 h6 9. Bd2 Bxc3 10. Bxc3 O-O 11. O-O d5 12. cxd5 Qxd5 13. Qc2 c6 14. b3 Bf5 15. Rac1 Qd7 16. d5 cxd5 17. Bxf6 gxf6 18. Qd2 Kg7 19. Rfd1 Rfd8 20. Qf4 Qe6 21. Rc7 b6 22. Rdc1 Qe5 23. Rb7 Qxf4 24. gxf4 Rd7 25. Rxd7 Bxd7 26. Rc7 Be6 27. f3 f5 28. Kf2 a6 29. Rb7 b5 30. Rb6 Kf8 31. Ke3 Ke7 32. Kd4 {[%emt 0:00:44] normal} 0-1

[Event "GER-ch Youth U14 2019"]
[Site "Willingen"]
[Date "2019.06.10"]
[Round "3.14"]
[White "Elsner, Robert"]
[Black "Kosev, Momchil"]
[Result "1-0"]
[ECO "B90"]
[WhiteElo "1745"]
[BlackElo "1827"]
[Annotator "NA"]
[PlyCount "58"]
[EventDate "2019.06.07"]
[EventType "swiss"]
[EventRounds "9"]
[EventCountry "GER"]
[SourceTitle "playchess.com"]
[Source "ChessBase"]
[SourceQuality "1"]
[TimeControl "40/5400+30:1800+30"]

1. Nf3 c5 2. e4 d6 3. d4 cxd4 4. Nxd4 Nf6 5. Nc3 a6 6. Be3 e5 7. Nb3 Be6 8. f3 Be7 9. Qd2 h5 10. O-O-O Nbd7 11. h3 h4 12. Be2 Qc7 13. f4 b5 14. Nd5 Bxd5 15. exd5 Rc8 16. Bf3 e4 17. Bg4 Nxd5 18. Bxd7+ Kxd7 19. Nc5+ dxc5 20. Qxd5+ Ke8 21. Qxe4 Kf8 22. Rd5 Rd8 23. Rxd8+ Qxd8 24. Rd1 Qc8 25. f5 b4 26. Qd5 Rh5 27. Rf1 Bg5 28. Bxg5 Rxg5 29. Qd6+ Kg8 {[%emt 0:00:31] normal} 1-0

[Event "GER-ch Youth U14 2019"]
[Site "Willingen"]
[Date "2019.06.10"]
[Round "3.15"]
[White "Farokhi, Keyvan"]
[Black "Sinnhoefer, Joshua"]
[Result "1-0"]
[ECO "C54"]
[WhiteElo "1963"]
[BlackElo "1466"]
[Annotator "NA"]
[PlyCount "33"]
[EventDate "2019.06.07"]
[EventType "swiss"]
[EventRounds "9"]
[EventCountry "GER"]
[SourceTitle "playchess.com"]
[Source "ChessBase"]
[SourceQuality "1"]
[TimeControl "40/5400+30:1800+30"]

1. e4 e5 2. Nf3 Nc6 3. Bc4 Bc5 4. c3 Nf6 5. d4 exd4 6. cxd4 Bb4+ 7. Kf1 Nxe4 8. d5 Ne7 9. Qd4 Nf6 10. Bg5 Ng6 11. Nc3 O-O 12. h4 h6 13. h5 hxg5 14. hxg6 d6 15. gxf7+ Rxf7 16. Nxg5 Ng4 17. Rh8+ {[%emt 0:00:20] normal} 1-0

[Event "GER-ch Youth U14 2019"]
[Site "Willingen"]
[Date "2019.06.10"]
[Round "3.16"]
[White "Haufe, Laurin"]
[Black "Chassard, Cedric"]
[Result "0-1"]
[ECO "C11"]
[WhiteElo "1995"]
[BlackElo "1772"]
[Annotator "NA"]
[PlyCount "68"]
[EventDate "2019.06.07"]
[EventType "swiss"]
[EventRounds "9"]
[EventCountry "GER"]
[SourceTitle "playchess.com"]
[Source "ChessBase"]
[SourceQuality "1"]
[TimeControl "40/5400+30:1800+30"]

1. e4 e6 2. d4 d5 3. Nc3 Nf6 4. e5 Nfd7 5. f4 c5 6. Nce2 Nc6 7. Nf3 a6 8. c3 Qb6 9. g3 Be7 10. Bh3 cxd4 11. cxd4 a5 12. O-O O-O 13. Kh1 a4 14. f5 exf5 15. Bxf5 Qc7 16. Nc3 Nb6 17. Bc2 Nb4 18. Nxa4 Qxc2 19. Nxb6 Bh3 20. Qxc2 Nxc2 21. Nxd5 Bxf1 22. Nxe7+ Kh8 23. Rb1 Bd3 24. Ng5 Nxd4 25. Be3 Bxb1 26. Bxd4 h6 27. Nh3 Be4+ 28. Kg1 Rfe8 29. Bc5 Rxa2 30. Kf2 Rxb2+ 31. Ke3 Rxh2 32. Nf4 Bc6 33. e6 fxe6 34. Nxe6 Rh5 {[%emt 0:00:56] normal} 0-1

[Event "GER-ch Youth U14 2019"]
[Site "Willingen"]
[Date "2019.06.10"]
[Round "3.17"]
[White "Schubert, Nikita"]
[Black "Divry, Alexandre"]
[Result "1-0"]
[ECO "E04"]
[WhiteElo "1806"]
[BlackElo "1654"]
[Annotator "NA"]
[PlyCount "39"]
[EventDate "2019.06.07"]
[EventType "swiss"]
[EventRounds "9"]
[EventCountry "GER"]
[SourceTitle "playchess.com"]
[Source "ChessBase"]
[SourceQuality "1"]
[TimeControl "40/5400+30:1800+30"]

1. d4 Nf6 2. c4 e6 3. Nf3 d5 4. g3 dxc4 5. Bg2 c5 6. O-O Nc6 7. Qa4 Bd7 8. Qxc4 b5 9. Qd3 c4 10. Qd1 Be7 11. Nc3 Qb6 12. Ne5 Rd8 13. Be3 Nb4 14. a4 a6 15. b3 Nfd5 16. Nxd5 Nxd5 17. bxc4 bxc4 18. Nxc4 Qb4 19. Qd3 Rc8 20. Ne5 {[%emt 0:01:47] normal} 1-0

[Event "GER-ch Youth U14 2019"]
[Site "Willingen"]
[Date "2019.06.10"]
[Round "3.18"]
[White "May, Ben-Iven"]
[Black "Schauties, Nico Antonio"]
[Result "0-1"]
[ECO "C01"]
[WhiteElo "1692"]
[BlackElo "1866"]
[Annotator "NA"]
[PlyCount "77"]
[EventDate "2019.06.07"]
[EventType "swiss"]
[EventRounds "9"]
[EventCountry "GER"]
[SourceTitle "playchess.com"]
[Source "ChessBase"]
[SourceQuality "1"]
[TimeControl "40/5400+30:1800+30"]

1. e4 e6 2. d4 d5 3. exd5 exd5 4. Bd3 Bd6 5. Nf3 Nf6 6. O-O O-O 7. Bg5 Bg4 8. Nbd2 Nbd7 9. c3 c6 10. Qc2 Qc7 11. Rfe1 Rfe8 12. Bh4 Bh5 13. Bg3 Bxg3 14. hxg3 Bg6 15. Bxg6 hxg6 16. b4 b6 17. Rac1 c5 18. bxc5 bxc5 19. dxc5 Rac8 20. Rxe8+ Nxe8 21. Nb3 Nxc5 22. c4 Nxb3 23. axb3 dxc4 24. Qxc4 Qxc4 25. bxc4 Rc5 26. Kf1 Kf8 27. Ke2 Ke7 28. Kd3 Nc7 29. Nd2 Ne6 30. Ne4 Rc7 31. Rb1 Kd7 32. Rb5 Kc6 33. Rd5 Rd7 34. Nc3 Nc7 35. Rxd7 Kxd7 36. c5 Kc6 37. Kc4 Ne6 38. Na4 f5 39. Kb4 {[%emt 0:01:43] normal} 0-1

[Event "GER-ch Youth U14 2019"]
[Site "Willingen"]
[Date "2019.06.10"]
[Round "3.19"]
[White "Rockmann, Enno"]
[Black "Wang, Xinyuan"]
[Result "1-0"]
[ECO "B40"]
[WhiteElo "1527"]
[BlackElo "2060"]
[Annotator "NA"]
[PlyCount "47"]
[EventDate "2019.06.07"]
[EventType "swiss"]
[EventRounds "9"]
[EventCountry "GER"]
[SourceTitle "playchess.com"]
[Source "ChessBase"]
[SourceQuality "1"]
[TimeControl "40/5400+30:1800+30"]

1. e4 c5 2. Nf3 e6 3. c3 d5 4. exd5 exd5 5. d4 Nc6 6. Bd3 cxd4 7. cxd4 Nf6 8. Bf4 Bd6 9. Ne5 Nxd4 10. Qa4+ Nc6 11. Nxc6 bxc6 12. Qxc6+ Ke7 13. Bxd6+ Qxd6 14. Qxa8 Qe5+ 15. Be2 Qxb2 16. Qxa7+ Ke8 17. Qa4+ Nd7 18. Qc6 Qxa1 19. Qxc8+ Ke7 20. Qc2 Rb8 21. O-O Rb2 22. Qd3 Qxa2 23. Rc1 Ne5 24. Qa6 {[%emt 0:09:12] normal} 1-0

[Event "GER-ch Youth U14 2019"]
[Site "Willingen"]
[Date "2019.06.10"]
[Round "3.20"]
[White "Kolmykov, Egor"]
[Black "Seng, Alexander"]
[Result "1/2-1/2"]
[ECO "B20"]
[WhiteElo "1642"]
[BlackElo "1505"]
[Annotator "NA"]
[PlyCount "30"]
[EventDate "2019.06.07"]
[EventType "swiss"]
[EventRounds "9"]
[EventCountry "GER"]
[SourceTitle "playchess.com"]
[Source "ChessBase"]
[SourceQuality "1"]
[TimeControl "40/5400+30:1800+30"]

1. e4 c5 2. d3 Nc6 3. g3 Nf6 4. Bg2 d6 5. f4 g6 6. c3 Bg7 7. Nf3 Qa5 8. Nbd2 O-O 9. O-O Bd7 10. Nc4 Qc7 11. e5 Ne8 12. d4 cxd4 13. cxd4 Rd8 14. Ne3 dxe5 15. dxe5 f6 {[%emt 0:01:13] normal} 1/2-1/2

[Event "GER-ch Youth U14 2019"]
[Site "Willingen"]
[Date "2019.06.10"]
[Round "3.21"]
[White "Weidenhoefer, Max"]
[Black "Straub, Benno"]
[Result "1-0"]
[ECO "C54"]
[WhiteElo "1787"]
[BlackElo "1490"]
[Annotator "NA"]
[PlyCount "55"]
[EventDate "2019.06.07"]
[EventType "swiss"]
[EventRounds "9"]
[EventCountry "GER"]
[SourceTitle "playchess.com"]
[Source "ChessBase"]
[SourceQuality "1"]
[TimeControl "40/5400+30:1800+30"]

1. e4 e5 2. Nf3 Nc6 3. Bc4 Bc5 4. c3 Nf6 5. d3 d6 6. O-O Bg4 7. Bb3 h6 8. Re1 Qd7 9. Nbd2 Nh5 10. Nf1 Nf4 11. d4 Bb6 12. Ba4 Qe7 13. d5 Qd7 14. dxc6 bxc6 15. Bxf4 exf4 16. e5 O-O-O 17. exd6 cxd6 18. Qd3 Be6 19. Nd4 Bd5 20. Qf5 Qxf5 21. Nxf5 Be6 22. Nd4 Bxd4 23. cxd4 Kd7 24. Bb3 Rb8 25. Bxe6+ fxe6 26. b3 Rb4 27. Rad1 Rf8 28. h3 {[%emt 0:00:40] normal} 1-0

[Event "GER-ch Youth U14 2019"]
[Site "Willingen"]
[Date "2019.06.10"]
[Round "3.22"]
[White "Wildermuth, Nikolas Karl"]
[Black "Wellssow, Keoki"]
[Result "0-1"]
[ECO "B06"]
[WhiteElo "1748"]
[BlackElo "1509"]
[Annotator "NA"]
[PlyCount "47"]
[EventDate "2019.06.07"]
[EventType "swiss"]
[EventRounds "9"]
[EventCountry "GER"]
[SourceTitle "playchess.com"]
[Source "ChessBase"]
[SourceQuality "1"]
[TimeControl "40/5400+30:1800+30"]

1. e4 g6 2. d4 Bg7 3. Nc3 d6 4. Be3 a6 5. Qd2 b5 6. f3 Bb7 7. O-O-O Nd7 8. Kb1 c5 9. d5 Nb6 10. g4 b4 11. Nce2 Nc4 12. Qc1 Bxb2 13. Qxb2 Nxb2 14. Kxb2 Qa5 15. Bc1 Rb8 16. Nf4 Bc8 17. Ng2 Bd7 18. Ne3 Bb5 19. Nc4 Bxc4 20. Bxc4 Nf6 21. Ne2 Qa3+ 22. Kb1 Qxf3 23. Rhf1 Qxe4 24. Rf4 {[%emt 0:01:43] normal} 0-1

[Event "GER-ch Youth U14 2019"]
[Site "Willingen"]
[Date "2019.06.11"]
[Round "4.4"]
[White "Gallasch, Jonas"]
[Black "Weihrauch, Jakob"]
[Result "1/2-1/2"]
[ECO "E18"]
[WhiteElo "2137"]
[BlackElo "2158"]
[Annotator "NA"]
[PlyCount "56"]
[EventDate "2019.06.07"]
[EventType "swiss"]
[EventRounds "9"]
[EventCountry "GER"]
[SourceTitle "playchess.com"]
[Source "ChessBase"]
[SourceQuality "1"]
[TimeControl "40/5400+30:1800+30"]

1. Nf3 Nf6 2. c4 e6 3. g3 b6 4. Bg2 Bb7 5. O-O Be7 6. d4 O-O 7. Nc3 Ne4 8. Nxe4 Bxe4 9. Ne1 Bxg2 10. Nxg2 d5 11. Qc2 c5 12. cxd5 Qxd5 13. dxc5 Bxc5 14. Be3 Nd7 15. Rfd1 Qb7 16. Bxc5 Nxc5 17. b4 Qe4 18. Qd2 Na4 19. Rac1 a5 20. bxa5 Rxa5 21. Rc8 Ra8 22. Rxa8 Qxa8 23. Qb4 Rc8 24. Qe7 Nb2 25. Ra1 Qc6 26. Ne3 b5 27. Qb4 Na4 28. Rd1 Qa8 {[%emt 0:08:18] normal} 1/2-1/2

[Event "GER-ch Youth U14 2019"]
[Site "Willingen"]
[Date "2019.06.11"]
[Round "4.5"]
[White "Laux, Dominik"]
[Black "Musiolik, David"]
[Result "0-1"]
[ECO "D37"]
[WhiteElo "2061"]
[BlackElo "2132"]
[Annotator "NA"]
[PlyCount "54"]
[EventDate "2019.06.07"]
[EventType "swiss"]
[EventRounds "9"]
[EventCountry "GER"]
[SourceTitle "playchess.com"]
[Source "ChessBase"]
[SourceQuality "1"]
[TimeControl "40/5400+30:1800+30"]

1. d4 d5 2. c4 e6 3. Nc3 Be7 4. Nf3 Nf6 5. Bf4 O-O 6. e3 c6 7. Qc2 Nbd7 8. h3 Re8 9. Rd1 Bf8 10. Bd3 dxc4 11. Bxc4 Nb6 12. Bd3 Nbd5 13. Nxd5 exd5 14. O-O h6 15. Ne5 Be6 16. Rb1 a5 17. g4 Nd7 18. Bg3 Nxe5 19. dxe5 d4 20. e4 Bxa2 21. Ra1 Be6 22. f4 Qb6 23. f5 Bb3 24. Qe2 c5 25. h4 c4 26. Bb1 d3+ 27. Qf2 Bc5 {[%emt 0:00:05] normal} 0-1

[Event "GER-ch Youth U14 2019"]
[Site "Willingen"]
[Date "2019.06.11"]
[Round "4.6"]
[White "Roste, Hugo"]
[Black "Lutz, Ruben"]
[Result "0-1"]
[ECO "D25"]
[WhiteElo "1287"]
[BlackElo "2055"]
[Annotator "NA"]
[PlyCount "74"]
[EventDate "2019.06.07"]
[EventType "swiss"]
[EventRounds "9"]
[EventCountry "GER"]
[SourceTitle "playchess.com"]
[Source "ChessBase"]
[SourceQuality "1"]
[TimeControl "40/5400+30:1800+30"]

1. d4 d5 2. c4 dxc4 3. Nf3 Nf6 4. e3 Bg4 5. Bxc4 e6 6. Nc3 Bd6 7. e4 Bb4 8. Bg5 Bxc3+ 9. bxc3 h6 10. Bxf6 Qxf6 11. h3 Bxf3 12. Qxf3 Qxf3 13. gxf3 Nd7 14. Ke2 Nb6 15. Bb3 Rc8 16. Rac1 c5 17. Rhd1 Ke7 18. a3 Rhd8 19. Ke3 f5 20. e5 c4 21. Ba2 Nd5+ 22. Kd2 b5 23. Rg1 Kf7 24. h4 g6 25. Rg3 a5 26. Rb1 Rb8 27. Rgg1 b4 28. axb4 axb4 29. cxb4 c3+ 30. Ke2 Nxb4 31. Bb3 Rxd4 32. Rbc1 Nd5 33. Bxd5 Rxd5 34. f4 Rb2+ 35. Ke3 c2 36. Rge1 Rb4 37. Rxc2 Re4+ {[%emt 0:00:04] normal} 0-1

[Event "GER-ch Youth U14 2019"]
[Site "Willingen"]
[Date "2019.06.11"]
[Round "4.7"]
[White "von Krosigk, Florian"]
[Black "Bui, Bao Anh Le"]
[Result "1-0"]
[ECO "B55"]
[WhiteElo "1926"]
[BlackElo "2065"]
[Annotator "NA"]
[PlyCount "69"]
[EventDate "2019.06.07"]
[EventType "swiss"]
[EventRounds "9"]
[EventCountry "GER"]
[SourceTitle "playchess.com"]
[Source "ChessBase"]
[SourceQuality "1"]
[TimeControl "40/5400+30:1800+30"]

1. e4 c5 2. Nf3 d6 3. d4 cxd4 4. Nxd4 Nf6 5. f3 e5 6. Bb5+ Bd7 7. Bxd7+ Qxd7 8. Nf5 d5 9. Bg5 dxe4 10. Bxf6 gxf6 11. Qxd7+ Nxd7 12. fxe4 Bb4+ 13. c3 Bc5 14. Nd2 Nb6 15. Rf1 h5 16. Rf3 O-O-O 17. O-O-O Rhg8 18. g3 Rd7 19. Kc2 Rgd8 20. b3 Bf8 21. Rff1 Kc7 22. Nc4 Rxd1 23. Rxd1 Rxd1 24. Kxd1 Nxc4 25. bxc4 Kd7 26. Ke2 Kc6 27. Kd3 Kc5 28. h4 a6 29. Ne3 Kd6 30. g4 hxg4 31. Nxg4 Ke6 32. Ne3 f5 33. exf5+ Kf6 34. Ke4 Be7 35. Nd5+ {[%emt 0:00:24] normal} 1-0